 Dungeon Crawl Stone Soup version 0.30-a0-782-ge64f9170bb (webtiles) character file.

Game seed: 15210683142500831126

36 sanka the Trooper (level 3, -8/39 HPs)
             Began as an Ogre Monk on Feb 25, 2023.
             Killed by divine providence
             ... invoked by an orc priest
              (11 damage)
             ... on level 2 of the Dungeon.
             The game lasted 00:01:34 (1008 turns).

sanka the Trooper (Ogre Monk)                       Turns: 1008, Time: 00:01:34

Health: -8/39      AC:  3    Str: 17    XL:     3   Next: 37%
Magic:  3/3        EV: 10    Int: 17    God:
Gold:   48         SH:  0    Dex: 11    Spells: 2/2 levels left

rFire   . . .      SeeInvis .    a - +0 mace
rCold   . . .      Faith    .    (no shield)
rNeg    . . .      Spirit   .    b - +0 robe
rPois   .          Reflect  .    (helmet restricted)
rElec   .          Harm     .    (no cloak)
rCorr   .          Rampage  .    (gloves unavailable)
Will    .....                    (boots unavailable)
Stlth   ++                       (no amulet)
HPRegen 0.26/turn                (no ring)
MPRegen 0.08/turn                e - +6 ring of intelligence

@: no status effects
A: large, unfitting armour, tough skin 1
a: no special abilities


You were on level 2 of the Dungeon.
You visited 1 branch of the dungeon, and saw 2 of its levels.

You collected 48 gold pieces.


Innate Abilities, Weirdness & Mutations

You are too large for most types of armour.
You have tough skin. (AC +1)


   Skills:
 + Level 4.0 Fighting
 * Level 4.0 Maces & Flails
 - Level 2.6 Dodging
 - Level 1.4 Stealth


You had 2 spell levels left.
You didn't know any spells.
Your spell library contained the following spells:

 Spells                   Type           Power      Damage    Failure   Level
 Cigotuvi's Dreadful Rot  Necr/Pois/Air  0%         N/A       34%         2
 Poisonous Vapours        Pois/Air       0%         N/A       34%         2
 Mephitic Cloud           Conj/Pois/Air  0%         N/A       56%         3

Inventory:

Hand Weapons
 a - a +0 mace (weapon)
Armour
 b - a +0 robe (worn)
Jewellery
 e - a +6 ring of intelligence (right hand)
 k - a ring of fire
Scrolls
 d - 2 scrolls of enchant armour {unknown}
 f - 2 scrolls of blinking {unknown}
 h - 2 scrolls of identify {unknown}
 l - a scroll of brand weapon {unknown}
Potions
 c - a potion of ambrosia
 g - a potion of magic {unknown}
 i - a potion of resistance {unknown}
 j - a potion of mutation {unknown}

Dungeon Overview and Level Annotations

Branches:
Dungeon (2/15)

Altars:

Shops:
D:2

! ..▒▒▒▒▒.▒▒
▒....▒
......▒..▒▒▒....▒
...▒▒...........▒
▒...▒▒▒.......>▒
▒▒.▒.▒ ▒▒▒.▒....▒
.▒.▒.▒ ▒......▒
...▒.▒ ▒▒.....▒
▒..▒..
▒▒....▒▒▒.▒
▒▒.▒▒. ▒.=..Oooo▒
▒▒.▒▒.▒
▒▒£▒▒▒▒o..▒
....▒.. ▒.▒ ..▒
....▒ ▒.▒ .▒
....▒ ..▒ ▒ ..).▒
▒▒▒ ....▒ ....▒
▒▒▒▒▒


You could see an orc priest and 3 orcs.


Message History

You hear a shout!
The orc moves out of view.
An orc comes into view. It is wielding a +0 whip.
The orc priest looks encouraged for a moment.
The orc hits you from afar with a +0 trident.
You sock the orc!
You kill the orc!
The orc hits you from afar with a +0 trident.
The orc hits you from afar with a +0 trident.
The orc priest calls down the wrath of Beogh upon you.
Beogh smites you!
* * * LOW HITPOINT WARNING * * *
Training target 4.0 for Maces & Flails reached!
Your Maces & Flails skill increases to level 4!
You need to enable at least one skill for training.
Setting a skill training target for Maces & Flails at 14.0.
Unknown command.
You hit the orc priest.
The orc priest is heavily wounded.
The orc hits you from afar with a +0 trident.
* * * LOW HITPOINT WARNING * * *
The orc priest mumbles some strange prayers to Beogh against you.
Beogh smites you!
* * * LOW HITPOINT WARNING * * *
You barely miss the orc priest.
The orc priest is heavily wounded.
The orc barely misses you.
The orc priest calls down the wrath of Beogh upon you.
Beogh smites you!
You die...

Action                     || total
---------------------------++-------
  Melee: Mace              ||    93
         Punch             ||     1
   Stab: Sleeping          ||     3
 Armour: Robe              ||    41
  Dodge: Dodged            ||    67

Levels and vault maps discovered:
D:1:      dpeg_arrival_three_smaller_balls, layout_basic
D:2:      layout_rooms, serial_shops, shop

Notes
Turn   | Place    | Note
-------+----------+-------------------------------------------
     0 | D:1      | sanka the Ogre Monk began the quest for the Orb.
     0 | D:1      | Reached XP level 1. HP: 24/24 MP: 1/1
   133 | D:1      | Reached skill level 3 in Maces & Flails
   174 | D:1      | Reached XP level 2. HP: 15/32 MP: 2/2
   736 | D:2      | Reached XP level 3. HP: 39/39 MP: 3/3
   890 | D:2      | Found Jaenierr's Distillery.
  1007 | D:2      | Reached skill level 4 in Maces & Flails
  1007 | D:2      | HP: 2/39 [orc priest/divine providence (14)]
  1008 | D:2      | Killed from afar by an orc priest

Vanquished Creatures
  An adder (D:2)
  An orc (D:2)
  2 endoplasms
  3 giant cockroaches
  A goblin (D:1)
  A hobgoblin (D:1)
  3 jackals (D:1)
  A quokka (D:1)
  A ball python (D:1)
  4 bats
  2 frilled lizards (D:1)
  4 kobolds
  A rat (D:1)
25 creatures vanquished.
